 Dungeon Crawl Stone Soup version 0.25.0-46-gbd7b085 (webtiles) character file.

Game seed: 3191557094029245639

438 Gadfly the Grave Robber (level 6, 0/32 HPs)
             Began as a Deep Elf Necromancer on July 13, 2020.
             Slain by a bullfrog skeleton (6 damage)
             ... on level 5 of the Dungeon.
             The game lasted 00:08:09 (7278 turns).

Gadfly the Grave Robber (Deep Elf Necromancer)      Turns: 7278, Time: 00:08:09

Health: 0/32       AC:  2    Str:  5    XL:     6   Next: 69%
Magic:  17/17      EV: 14    Int: 22    God:
Gold:   228        SH:  0    Dex: 15    Spells: 4/18 levels left

rFire    . . .     SeeInvis .   o - +0 trident
rCold    . . .     Gourm    .   (no shield)
rNeg     . . .     Faith    .   a - +0 robe
rPois    .         Spirit   .   (no helmet)
rElec    .         Reflect  .   (no cloak)
rCorr    .         Harm     .   (no gloves)
MR       .....                  (no boots)
Stlth    ++........             j - amulet of magic regeneration
HPRegen  0.10/turn              (no ring)
MPRegen  0.40/turn              (no ring)

@: no status effects
A: no striking features
a: no special abilities


You were on level 5 of the Dungeon.
You were hungry.

You visited 1 branch of the dungeon, and saw 5 of its levels.

You collected 228 gold pieces.

Inventory:

Hand Weapons
 o - a +0 trident (weapon)
Armour
 a - a +0 robe (worn)
 f - a +0 buckler
Jewellery
 j - an amulet of magic regeneration (around neck)
Scrolls
 e - 2 scrolls of amnesia
 g - 3 scrolls of magic mapping
 h - 3 scrolls of remove curse
 k - a scroll of teleportation
Potions
 b - a potion of invisibility
 d - a potion of flight
 i - a potion of might {unknown}
 l - a potion of mutation {unknown}
Comestibles
 c - 8 rations


   Skills:
 + Level 0.0 Fighting
 * Level 4.4 Dodging
 - Level 2.4 Stealth
 * Level 6.5 Spellcasting
 * Level 7.2 Necromancy


You had 4 spell levels left.
You knew the following spells:

 Your Spells              Type           Power        Failure   Level  Hunger
a - Pain                  Necr           ####         1%          1    None
b - Vampiric Draining     Necr           #####.....   1%          3    #......
c - Animate Dead          Necr           N/A          4%          4    ###....
d - Agony                 Necr           #####...     12%         5    #####..
e - Corona                Hex            #......      9%          1    None

Your spell library contained the following spells:

 Spells                   Type           Power        Failure   Level  Hunger
 Animate Skeleton         Necr           N/A          1%          1    None
 Apportation              Tloc           #.....       9%          1    None
 Summon Small Mammal      Summ           #...         9%          1    None


Dungeon Overview and Level Annotations

Branches:
Dungeon (5/15)
 Temple: D:4-7

Altars:
Ashenzari
Gozag


Message History

You are too injured to fight recklessly!
You are too injured to fight recklessly!
You are too injured to fight recklessly!
You are too injured to fight recklessly!
You are too injured to fight recklessly!
You are too injured to fight recklessly!
Casting: Animate Dead (quite dangerous; 4% risk of failure)
Confirm with . or Enter, or press ? or * to list all spells.
Okay, then.
Okay, then.
You see here a scroll of teleportation.
k - a scroll of teleportation The bullfrog skeleton misses you.
The bullfrog skeleton barely misses you.
You hit the bullfrog skeleton.
The bullfrog skeleton is moderately damaged.
The bullfrog skeleton hits you.
* * * LOW HITPOINT WARNING * * *
The bullfrog skeleton hits you.
You die...

......#
......#
.......
####.......
#....%.....
#....$.....
#.....#.##.
#Z.(......
#@.........
#.#...#.$..
#.#...#....
#.....# ...
.######...#
..........#
.#######..#
#..# #..#


You could see a bullfrog skeleton.

Vanquished Creatures
  An ogre (D:4)
  A hound (D:4)
  5 orc wizards
  An orc priest (D:3)
  A hound skeleton (D:4)
  4 adders
  An ooze (D:3)
  An adder skeleton (D:4)
  3 worms
  A dart slug (D:3)
  5 leopard geckos
  16 orcs
  A giant cockroach (D:1)
  12 hobgoblins
  2 jackals (D:4)
  12 kobolds
  2 quokkas
  A ball python (D:3)
  5 bats
  8 frilled lizards
  3 goblins
  7 rats
93 creatures vanquished.

Vanquished Creatures (collateral kills)
  An orc (D:3)
  A ball python (D:4)
2 creatures vanquished.

Vanquished Creatures (others)
  A plant (D:2)
1 creature vanquished.

Grand Total: 96 creatures vanquished

Notes
Turn   | Place    | Note
-------+----------+-------------------------------------------
     0 | D:1      | Gadfly the Deep Elf Necromancer began the quest for the
                  | Orb.
     0 | D:1      | Reached XP level 1. HP: 10/10 MP: 6/6
   331 | D:1      | Reached skill level 5 in Necromancy
   572 | D:1      | Reached XP level 2. HP: 13/15 MP: 5/8
  2102 | D:2      | Reached XP level 3. HP: 18/19 MP: 6/10
  2107 | D:2      | Learned a level 3 spell: Vampiric Draining
  3865 | D:3      | Reached XP level 4. HP: 24/24 MP: 10/12
  3873 | D:3      | Learned a level 4 spell: Animate Dead
  4424 | D:3      | Reached skill level 5 in Spellcasting
  4424 | D:3      | Reached skill level 6 in Necromancy
  4456 | D:3      | Reached XP level 5. HP: 22/28 MP: 10/14
  4483 | D:3      | Learned a level 5 spell: Agony
  5411 | D:4      | Learned a level 1 spell: Corona
  5460 | D:4      | HP: 1/28 [something (5)]
  5763 | D:4      | Found a shattered altar of Ashenzari.
  5763 | D:4      | Noticed an ogre
  5776 | D:4      | Killed an ogre
  5776 | D:4      | Reached XP level 6. HP: 22/32 MP: 6/17
  6244 | D:4      | Reached skill level 7 in Necromancy
  7116 | D:4      | Found an opulent altar of Gozag.
  7244 | D:5      | Entered Level 5 of the Dungeon
  7278 | D:5      | Slain by a bullfrog skeleton

Illustrated notes

Levels and vault maps discovered:
D:1:      scummos_arrival_hexagon, layout_basic
D:2:      layout_loops_cross, lexackson_kobold_supper
D:3:      layout_basic, first_ration
D:4:      cheibrodos_old_hovel, layout_gridville, evilmike_ruin_ashenzari,
          nicolae_gozag_cash_rules_everything_around_me
D:5:      layout_basic, grunt_tough_drop

Skill      XL: |  1  2  3  4  5  6 |
---------------+-------------------+-----
Necromancy     | 5 6 7 |  7.2
Dodging        | 3 4 |  4.4
Spellcasting   | 4 5 6 |  6.5
Stealth        | |  2.4

Action                   |  1- 3 |  4- 6 || total
-------------------------+-------+-------++-------
Melee: Dagger            |   124 |    52 ||   176
       Trident           |       |    84 ||    84
 Cast: Pain              |    58 |    37 ||    95
       Vampiric Draining |     5 |    25 ||    30
       Animate Dead      |       |     9 ||     9
  Use: Scroll            |     7 |     2 ||     9
       Potion            |       |     3 ||     3
 Stab: Sleeping          |     1 |     2 ||     3
       Distracted        |       |     2 ||     2
  Eat: Chunk             |     8 |    10 ||    18
       Ration            |       |     1 ||     1
Armor: Robe              |    20 |    18 ||    38
Dodge: Dodged            |    79 |   142 ||   221
